 Dungeon Crawl Stone Soup version 0.31-a0-876-gfe8ebadbca (webtiles) character file.

Game seed: 10710508975920509797

210 croobank the Sneak (level 5, 0/55 HPs)
             Began as an Octopode Delver on Oct 13, 2023.
             Frozen to death by an endoplasm (2 damage)
             ... on level 2 of the Dungeon.
             The game lasted 00:04:21 (1379 turns).

croobank the Sneak (Octopode Delver)                Turns: 1379, Time: 00:04:21

Health: 0/55       AC:  1    Str: 11    XL:     5   Next: 88%
Magic:  5/5        EV: 14    Int: 14    God:
Gold:   52         SH:  0    Dex: 14    Spells: 4/4 levels left

rFire   . . .        a - +0 short sword
rCold   . . .        (no shield)
rNeg    . . .        (helmet restricted)
rPois   .            h - amulet of magic regeneration
rElec   .            (no ring)
rCorr   .            (no ring)
SInv    .            (no ring)
Will    .....        (no ring) Stlth
                     (no ring)
HPRegen 0.29/turn    (no ring)
MPRegen 0.49/turn    (no ring)
                     (no ring)

%: no passive effects
@: berserking, lethally poisoned (0 -> -24), very quick
A: almost no armour, amphibious, 8 rings, camouflage 1, gelatinous body 1,
(nimble swimmer 1), tentacles
a: no special abilities


You were on level 2 of the Dungeon.
You visited 1 branch of the dungeon, and saw 5 of its levels.

You collected 52 gold pieces.

Inventory:

Hand Weapons
 a - a +0 short sword (weapon)
 g - a +2 long sword of holy wrath
 l - a +1 hand axe of distortion
 o - a +0 scimitar
Jewellery
 h - an amulet of magic regeneration (around mantle)
Wands
 f - a wand of digging (3)
Scrolls
 b - a scroll of fog
 c - a scroll of identify {unknown}
 d - a scroll of fear
 i - a scroll of enchant weapon {unknown}
 j - a scroll of enchant armour {unknown}
 k - 2 scrolls of amnesia {unknown}
 m - a scroll of silence {unknown}
Potions
 e - 2 potions of haste
 n - a potion of berserk rage


   Skills:
 + Level 4.1 Fighting
 + Level 3.3 Short Blades
 + Level 3.3 Dodging
 + Level 7.8 Stealth


You had 4 spell levels left.
You didn't know any spells.
Your spell library contained the following spells:

 Spells                   Type           Power      Damage    Failure   Level
 Animate Dead             Necr           0%         N/A       96%         4
 Borgnjor's Vile Clutch   Necr/Erth      0%         N/A       100%        5
 Death Channel            Necr           0%         N/A       100%        6


Dungeon Overview and Level Annotations

Branches:
Dungeon (5/15)
 Temple: D:4-7

Altars:
Okawaru
Zin


Innate Abilities, Weirdness & Mutations

You cannot wear most types of armour.
You are amphibious.
You can wear up to eight rings at the same time.
Your skin changes colour to match your surroundings (Stealth+).
Your rubbery body absorbs attacks. (AC +1, EV +1)
((You are camouflaged when in or above water. (Stealth+)))
You have tentacles for arms and can constrict up to eight enemies at once.


Message History

You are poisoned.
The endoplasm quivers.
You hit Jessica but do no damage. Your grab misses Jessica.
You feel very sick. Jessica hits you but does no damage.
You are more poisoned.
You hit Jessica. You grab Jessica.
Jessica is moderately wounded.
You constrict Jessica.
You feel very sick.
Jessica hits you with a +2 dagger of venom.
You are lethally poisoned!
You hit Jessica.
Jessica is severely wounded.
You constrict Jessica, but do no damage.
You feel extremely sick. Jessica gestures at you while chanting.
Pain shoots through your body!
* * * LOW HITPOINT WARNING * * *
You are too injured to fight recklessly!
It was a potion of berserk rage.
A red film seems to cover your vision as you go berserk!
You feel yourself moving faster!
You feel mighty!
You constrict Jessica.
* * * LOW HITPOINT WARNING * * *
You feel very sick.
Jessica says, "I'm really upset."
Jessica hits you with a +2 dagger of venom.
* * * LOW HITPOINT WARNING * * *
You are more poisoned.
You hit Jessica.
You kill Jessica!
* * * LOW HITPOINT WARNING * * *
You feel very sick.
You hit the endoplasm. Your squeeze misses the endoplasm.
The endoplasm is severely wounded.
* * * LOW HITPOINT WARNING * * *
You feel very sick. The endoplasm freezes you.
You are frozen.
You die...

##.##########
.......J@)..#
.##.#######.# #.#
#.# .# #.# .# #.#
#.#######.###
###+#...........#
#.......#####.#.###


You could see an endoplasm.

Vanquished Creatures
  An orc priest (D:4)
  2 hounds (D:5)
  Jessica (D:2)
  An iguana (D:5)
  2 adders (D:2)
  A worm (D:2)
  4 orcs (D:4)
  2 ball pythons (D:1)
  7 bats (D:1)
  6 endoplasms
  4 giant cockroaches (D:1)
  2 goblins
  2 hobgoblins
  3 jackals (D:1)
  3 kobolds
  A quokka (D:1)
  3 frilled lizards (D:1)
  A rat (D:1)
46 creatures vanquished.

Notes
Turn   | Place    | Note
-------+----------+-------------------------------------------
     0 | D:5      | croobank the Octopode Delver began the quest for the Orb.
     0 | D:5      | Reached XP level 1. HP: 16/16 MP: 1/1
    12 | D:5      | Noticed a hound
    15 | D:5      | Noticed an iguana
    16 | D:5      | Noticed an ogre
    16 | D:5      | Noticed a phantom
    17 | D:5      | Killed a hound
    18 | D:5      | Reached XP level 2. HP: 21/21 MP: 2/2
    18 | D:5      | Reached XP level 3. HP: 26/26 MP: 3/3
    53 | D:5      | Reached skill level 7 in Stealth
    53 | D:5      | Reached XP level 4. HP: 24/31 MP: 4/4
    80 | D:5      | Found a glowing silver altar of Zin.
   265 | D:4      | Reached XP level 5. HP: 12/37 MP: 5/5
   550 | D:3      | Found an iron altar of Okawaru.
  1040 | D:1      | Found a faded altar of an unknown god.
  1369 | D:2      | Noticed Jessica
  1378 | D:2      | Killed Jessica
  1379 | D:2      | HP: 2/55 [poisoned by Jessica]
  1379 | D:2      | Frozen to death by an endoplasm

Illustrated notes

Levels and vault maps discovered:
D:1:      dpeg_arrival_water_temple_mockup, layout_basic, basic_ecumenical_altar
D:2:      layout_basic, uniq_sigmund, uniq_jessica
D:3:      layout_rooms, okawaru_metal_pillars_3, serial_shops,
          nicolae_shop_advertising_works [nicolae_subvault_shop_adworks],
          uniq_ijyb, uniq_terence
D:4:      layout_basic, lemuel_round_altar, amethyst_overflow_temple_binary,
          minmay_temple_entry_crystal_x, ebering_ghost_sewer_d,
          hex_intersection, nrook_loot_triangle, minivault_24, uniq_duvessa
D:5:      layout_rooms, mainiacjoe_overflow_brackets,
          mainiacjoe_overflow_boulevard, portal_sewer_entry_e,
          kennysheep_diamond

Skill      XL: |  1  2  3  4  5 |
---------------+----------------+-----
Stealth        | 7 |  7.8
Short Blades   | 3 |  3.3
Dodging        | 3 |  3.3
Fighting       | 4 |  4.1

Action                     |  1- 3 |  4- 6 || total
---------------------------+-------+-------++-------
  Melee: Short sword       |     4 |   103 ||   107
         Constrict         |     2 |    23 ||    25
         Tentacles         |       |    20 ||    20
         Punch             |       |     1 ||     1
    Use: Scroll            |     1 |     1 ||     2
         Potion            |       |     1 ||     1
   Stab: Sleeping          |     2 |    13 ||    15
 Armour: Skin              |     2 |    35 ||    37
  Dodge: Dodged            |       |    65 ||    65

Table legend: (Time is in decaauts)
 A = Elapsed time spent in this place.
 B = Non-inter-level travel time spent in this place.
 C = Inter-level travel time spent in this place.
 D = Time resting spent in this place.
 E = Time spent auto-exploring this place.
 F = Levels seen in this place.
 G = Mean time per level.
                   A        B        C        D        E       F      G
               +--------+--------+--------+--------+--------+-----+--------+
         Total |   1362 |   1331 |     31 |    354 |    554 |   5 |  272.4 |
       Dungeon |   1362 |   1331 |     31 |    354 |    554 |   5 |  272.4 |
               +--------+--------+--------+--------+--------+-----+--------+

Top non-repeatable levels by time:
     D:1: 685 daAuts
     D:4: 253 daAuts
     D:5: 220 daAuts
     D:2: 178 daAuts
     D:3: 24 daAuts
